 Dungeon Crawl Stone Soup version 0.31-a0-1074-g0b22e4e0f1 (webtiles) character file.

Game seed: 17347250748805674314

2461 LeprechaunX the Mimic (level 9, 0/62 HPs)
             Began as an Octopode Shapeshifter on Dec 1, 2023.
             Engulfed by a steam dragon's steam (11 damage)
             ... on level 6 of the Dungeon.
             The game lasted 00:06:44 (4731 turns).

LeprechaunX the Mimic (Octopode Shapeshifter)       Turns: 4731, Time: 00:06:45

Health: 0/62       AC:  1    Str: 15    XL:     9   Next: 50%
Magic:  9/9        EV: 18    Int: 13    God:
Gold:   277        SH:  5    Dex: 13    Spells: 8/8 levels left

rFire   . . .        b - +2 dagger (protect)
rCold   . . .        (no shield)
rNeg    . . .        (helmet currently unavailable)
rPois   +            w - amulet of Misay {Reflect rPois SH+5 Stlth+}
rElec   .            f - +5 ring of evasion
rCorr   .            (no ring)
SInv    .            (no ring)
Will    .....        (no ring)
Stlth   +++          (no ring)
HPRegen 0.30/turn    (no ring)
MPRegen 0.11/turn    (no ring)
                     (no ring)

%: reflection
@: beast-form
A: beast (slay +4), almost no armour, amphibious, 8 rings, camouflage 1,
gelatinous body 1, (nimble swimmer 1), tentacles
a: Begin Untransformation


You were on level 6 of the Dungeon.
You were a hulking beast.
You visited 2 branches of the dungeon, and saw 7 of its levels.

You collected 327 gold pieces.
You spent 50 gold pieces at shops.

Inventory:

Hand Weapons
 a - a +1 sling of freezing
 b - a +2 dagger of protection (weapon)
Missiles
 x - 4 javelins (quivered)
Jewellery
 f - a +5 ring of evasion (left tentacle)
 w - the amulet of Misay (around mantle) {Reflect rPois SH+5 Stlth+}
   (You found it on level 4 of the Dungeon)

   [amulet of reflection]

   Reflect:   It reflects blocked missile attacks.
   rPois:     It protects you from poison SH+5: It affects your SH (+5).
   Stlth+:    It makes you more stealthy.
 D - a ring of flight
Talismans
 c - a flux talisman
 s - a beast talisman
Wands
 y - a wand of flame (4)
 B - a wand of iceblast (6)
Scrolls
 d - 3 scrolls of identify {unknown}
 h - a scroll of immolation {unknown}
 j - a scroll of butterflies {unknown}
 k - 2 scrolls of noise {unknown}
 o - a scroll of vulnerability {unknown}
 q - a scroll of revelation {unknown}
 r - a scroll of teleportation {unknown}
 t - a scroll of amnesia {unknown}
 u - a scroll of fear {unknown}
 v - a scroll of fog {unknown}
 z - a scroll of enchant weapon {unknown}
 C - a scroll of blinking {unknown}
Potions
 e - a potion of resistance {unknown}
 g - a potion of mutation {unknown}
 i - 5 potions of curing {unknown}
 l - a potion of berserk rage {unknown}
 m - a potion of lignification
 n - 2 potions of heal wounds
 p - a potion of attraction {unknown}
 A - a potion of brilliance {unknown}
 E - a potion of magic {unknown}


   Skills:
 + Level 6.2 Fighting
 + Level 2.0 Throwing
 - Level 2.0 Dodging
 - Level 6.0 Unarmed Combat
 + Level 2.2 Evocations
 * Level 8.8 Shapeshifting


You had 8 spell levels left.
You didn't know any spells.
Your spell library contained the following spells:

 Spells                   Type           Power      Damage    Failure   Level
 Magic Dart               Conj           0%         1d3       30%         1
 Call Imp                 Summ           0%         N/A       43%         2
 Poisonous Vapours        Pois/Air       0%         N/A       43%         2
 Call Canine Familiar     Summ           0%         N/A       67%         3
 Mephitic Cloud           Conj/Pois/Air  0%         N/A       67%         3
 Sigil of Binding         Hex            0%         N/A       67%         3
 Cause Fear               Hex            0%         N/A       97%         4
 Dimensional Bullseye     Hex/Tloc       0%         N/A       97%         4
 Leda's Liquefaction      Hex/Erth       0%         N/A       97%         4
 Fireball                 Conj/Fire      0%         3d3       100%        5
 Freezing Cloud           Conj/Ice/Air   0%         6-21      100%        5
 Dragon's Call            Summ           0%         N/A       100%        9


Dungeon Overview and Level Annotations

Branches:
Dungeon (6/15)             Temple (1/1) D:6

Altars:
Cheibriados
Dithmenos
Fedhas
Kikubaaqudgha
Makhleb
Okawaru
Qazlal
Ru
Sif Muna
Uskayaw
Wu Jian
Xom
Yredelemnul

Shops:
D:1 [   D:3 ==!(


Innate Abilities, Weirdness & Mutations

You are a hulking beast.
Your limbs bulge with bestial killing power. (Slay +4)
You cannot wear most types of armour.
You are amphibious.
You can wear up to eight rings at the same time.
Your skin changes colour to match your surroundings (Stealth+).
Your rubbery body absorbs attacks. (AC +1, EV +1)
((You are camouflaged when in or above water. (Stealth+)))
You have tentacles for arms and can constrict up to eight enemies at once.


Message History

You are poisoned.
The orc priest misses you.
You hit the orc priest but do no damage.
The orc priest is lightly wounded.
You constrict the orc priest.
You feel very sick. The orc warrior misses you.
You block the orc priest's attack.
You puncture the orc priest!
You squeeze the orc priest, but do no damage.
The orc priest is severely wounded.
You constrict the orc priest.
You feel very sick. The orc warrior completely misses you.
You block the orc priest's attack.
You hit the orc priest but do no damage.
The orc priest is almost dead.
You constrict the orc priest, but do no damage.
You feel sick. The orc warrior misses you.
The orc priest hits you with a +0 mace.
You hit the orc priest.
You kill the orc priest!
You feel sick.
The orc warrior hits you but does no damage.
Your Throwing skill increases to level 2!
You feel sick. The steam dragon breathes steam at you.
The ball of steam hits you.
You are engulfed in a cloud of scalding steam.
You feel sick.
There is a fountain of clear blue water here.
You are engulfed in a cloud of scalding steam.
You feel sick.
You are engulfed in a cloud of scalding steam.
You feel sick.
You feel sick.
You are no longer poisoned.
The steam dragon breathes steam at you. The ball of steam hits you!
* * * LOW HITPOINT WARNING * * *
You are engulfed in a cloud of scalding steam.
You die...

##
#.)#.#####.####..#####.#
8##### #[...............#
#
.#..(####.##.###.........#
...8...##.##.# #.#######.#
.#...#.##.##.# #.# #.#
8#####....##.# #.# #.. ##
##.####.# #§# #### #.# #.#
#§# #.# #.# #h# #.# ##.#
#§# #.# #..# #§# ##### #.#
#.## #§# ....###.# #.#
#D#### ##...##.# #.#
#....## ...#....# #.#
#.##..# ##...####
#.########.## ##.##
#.##...##...#


There were no monsters in sight!

Vanquished Creatures
  Pikel (D:5)
  Grinder (D:5)
  Prince Ribbit (D:6)
  Sigmund (D:3)
  Eustachio (D:5)
  Menkaure (D:5)
  An ogre (D:5)
  3 centaurs
  A phantom (D:4)
  A lemure (D:4)
  2 bullfrogs (D:6)
  A scorpion (D:6)
  A howler monkey (D:4)
  2 orc priests
  2 hounds
  2 iguanas
  2 sleepcaps
  4 orc wizards
  5 gnolls
  4 adders
  A white imp (D:6)
  4 ufetubi
  2 worms (D:2)
  6 dart slugs
  15 orcs
  7 ball pythons
  10 endoplasms
  A giant cockroach (D:1)
  9 goblins
  5 hobgoblins
  3 jackals (D:4)
  6 quokkas
  5 bats
  3 frilled lizards
  9 kobolds
  10 rats
133 creatures vanquished.

Vanquished Creatures (others)
  An orc (D:6)
1 creature vanquished.

Grand Total: 134 creatures vanquished

Notes
Turn   | Place    | Note
-------+----------+-------------------------------------------
     0 | D:1      | LeprechaunX the Octopode Shapeshifter began the quest for
                  | the Orb.
     0 | D:1      | Reached XP level 1. HP: 13/13 MP: 1/1
   119 | D:1      | Reached XP level 2. HP: 18/18 MP: 2/2
   162 | D:1      | Found Essageil's Armour Shoppe.
   393 | D:1      | Reached XP level 3. HP: 13/23 MP: 3/3
  1189 | D:2      | Reached XP level 4. HP: 24/29 MP: 4/4
  1331 | D:2      | Found a shimmering altar of Xom.
  1376 | D:2      | Reached skill level 4 in Shapeshifting
  1717 | D:3      | Found Wuggosch's Jewellery Shoppe.
  1731 | D:3      | Reached XP level 5. HP: 29/34 MP: 5/5
  1786 | D:3      | Noticed Sigmund
  1789 | D:3      | Found Ogoum's Distillery.
  1795 | D:3      | Killed Sigmund
  1796 | D:3      | Reached skill level 5 in Shapeshifting
  1796 | D:3      | Reached XP level 6. HP: 16/42 MP: 6/6
  1901 | D:3      | Bought a potion of heal wounds for 50 gold pieces
  1921 | D:3      | Found Sepyir's Weapon Emporium.
  2323 | D:3      | Found Ockupsiuti's Jewellery Boutique.
  2504 | D:4      | Reached XP level 7. HP: 12/46 MP: 7/7
  2778 | D:4      | Identified the amulet of Misay {Reflect rPois SH+5 Stlth+}
  3093 | D:5      | Entered Level 5 of the Dungeon
  3093 | D:5      | Noticed Pikel
  3132 | D:5      | Reached skill level 5 in Unarmed Combat
  3132 | D:5      | Reached skill level 6 in Shapeshifting
  3193 | D:5      | Killed Pikel
  3194 | D:5      | Reached skill level 7 in Shapeshifting
  3194 | D:5      | Reached XP level 8. HP: 21/54 MP: 8/8
  3325 | D:5      | Noticed Menkaure
  3333 | D:5      | Killed Menkaure
  3334 | D:5      | Reached skill level 5 in Fighting
  3344 | D:5      | Noticed Grinder
  3460 | D:5      | Noticed Eustachio
  3461 | D:5      | Killed Grinder
  3476 | D:5      | Killed Eustachio
  3477 | D:5      | Reached skill level 8 in Shapeshifting
  3477 | D:5      | Reached XP level 9. HP: 25/62 MP: 9/9
  3985 | D:6      | Found a shadowy altar of Dithmenos.
  4083 | D:6      | Noticed Prince Ribbit
  4090 | D:6      | Killed Prince Ribbit
  4091 | D:6      | Reached skill level 1 in Throwing
  4091 | D:6      | Reached skill level 1 in Evocations
  4258 | D:6      | Found a staircase to the Ecumenical Temple.
  4281 | Temple   | Entered the Ecumenical Temple
  4416 | D:6      | Found a sacrificial altar of Ru.
  4416 | D:6      | Found a blossoming altar of Fedhas.
  4731 | D:6      | Engulfed by a steam dragon's steam

Illustrated notes

Levels and vault maps discovered:
D:1:      onia_arrival_mini_maze_b, layout_loops_corners, serial_shops, shop,
          serial_park_tiny_1
D:2:      layout_rooms, basic_altar, grunt_decor_arrowhead
D:3:      layout_rooms, serial_shops, nicolae_diamond_shop,
          nicolae_shop_competitors_out_of_business, shop,
          nicolae_shop_gibbet_a_chance, uniq_sigmund
D:4:      layout_rooms, serial_glass, glass_columns_b, glass_columns_a
D:5:      layout_rooms, uniq_menkaure, uniq_eustachio, uniq_grinder, uniq_pikel
D:6:      layout_loops_ring, mainiacjoe_overflow_divided_tiny,
          grunt_dithmenos_smoke, minmay_temple_entry_antechambers,
          grunt_ministairs_5, uniq_prince_ribbit1
Temple:   kb_temple_of_zot

Skill      XL: |  1  2  3  4  5  6  7  8  9 |
---------------+----------------------------+-----
Fighting       | 2 3 4 5 6 |  6.2
Shapeshifting  | 4 5 7 8 |  8.8
Unarmed Combat | 4 5 6 |  6.0
Throwing       | 2 |  2.0
Evocations     | 2 |  2.2
Dodging        | |  2.0

Action                     |  1- 3 |  4- 6 |  7- 9 || total
---------------------------+-------+-------+-------++-------
  Melee: Unarmed           |    55 |    41 |       ||    96
         Constrict         |    15 |    20 |    38 ||    73
         Tentacles         |    10 |    22 |    54 ||    86
         Dagger            |       |    63 |   153 ||   216
         Punch             |       |     3 |     5 ||     8
  Throw: Javelin           |       |       |     3 ||     3
   Stab: Sleeping          |    11 |     6 |     8 ||    25
         Distracted        |       |       |     1 ||     1
 Armour: Skin              |    23 |    45 |    70 ||   138
  Dodge: Dodged            |    16 |    76 |   112 ||   204
  Block: Other             |       |       |    20 ||    20
         Reflection        |       |       |     1 ||     1

Table legend: (Time is in decaauts)
 A = Elapsed time spent in this place.
 B = Non-inter-level travel time spent in this place.
 C = Inter-level travel time spent in this place.
 D = Time resting spent in this place.
 E = Time spent auto-exploring this place.
 F = Levels seen in this place.
 G = Mean time per level.
                   A        B        C        D        E       F      G
               +--------+--------+--------+--------+--------+-----+--------+
         Total |   4726 |   4500 |    226 |    218 |   3424 |   7 |  675.1 |
       Dungeon |   4725 |   4499 |    226 |    218 |   3424 |   6 |  787.5 |
        Temple |      1 |      1 |      0 |      0 |      0 |   1 |    1.0 |
               +--------+--------+--------+--------+--------+-----+--------+

Top non-repeatable levels by time:
     D:1: 1181 daAuts
     D:4: 859 daAuts
     D:5: 774 daAuts
     D:6: 746 daAuts
     D:3: 634 daAuts
     D:2: 528 daAuts
  Temple: 1 daAuts
